 Dungeon Crawl Stone Soup version 0.31-a0-1139-gec03705108 (webtiles) character file.

Game seed: 427111175895499733

535 Bnni the Poker (level 7, 0/63 HPs)
             Began as a Minotaur Fighter on Dec 6, 2023.
             Slain by a two-headed ogre
             ... wielding a +0 giant club
              (25 damage)
             ... on level 4 of the Dungeon.
             The game lasted 00:04:46 (2563 turns).

Bnni the Poker (Minotaur Fighter)                   Turns: 2563, Time: 00:04:47

Health: 0/63       AC: 15    Str: 22    XL:     7   Next: 4%
Magic:  6/6        EV: 11    Int:  5    God:
Gold:   174        SH:  4    Dex: 10    Spells: 6/6 levels left

rFire   . . .        a - +0 trident
rCold   . . .        c - +0 buckler
rNeg    . . .        n - +0 plate armour
rPois   .            (helmet restricted)
rElec   .            y - +0 cloak
rCorr   .            s - +0 pair of gloves
SInv    .            f - +0 pair of boots
Will    .....        (no amulet) Stlth
                     v - +5 ring of evasion
HPRegen 0.30/turn    (no ring)
MPRegen 0.10/turn

%: no passive effects
@: no status effects
A: horns 2, retaliatory headbutt
a: no special abilities


You were on level 4 of the Dungeon.
You visited 1 branch of the dungeon, and saw 4 of its levels.
You also visited: Sewer.

You collected 174 gold pieces.

Inventory:

Hand Weapons
 a - a +0 trident (weapon)
 o - a +1 short sword of venom
Armour
 c - a +0 buckler (worn)
 f - a +0 pair of boots (worn)
 n - a +0 plate armour (worn)
 s - a +0 pair of gloves (worn)
 y - a +0 cloak (worn)
Jewellery
 v - a +5 ring of evasion (left hand)
Wands
 D - a wand of flame (21)
Scrolls
 b - 2 scrolls of identify {unknown}
 e - 3 scrolls of enchant armour {unknown}
 i - a scroll of noise {unknown}
 j - a scroll of blinking {unknown}
 k - a scroll of immolation {unknown}
 l - a scroll of enchant weapon {unknown}
 p - 2 scrolls of teleportation {unknown}
 q - a scroll of butterflies {unknown}
 r - a scroll of amnesia {unknown}
 A - a scroll of revelation {unknown}
 C - a scroll of vulnerability {unknown}
Potions
 d - 2 potions of might
 g - a potion of attraction {unknown}
 h - 4 potions of heal wounds {unknown}
 m - 4 potions of haste {unknown}
 t - a potion of experience {unknown}
 u - a potion of mutation {unknown}
 w - a potion of cancellation {unknown}
 z - a potion of curing {unknown}
 B - a potion of degeneration {unknown}


   Skills:
 + Level 6.2 Fighting
 * Level 7.7 Polearms
 - Level 3.6 Armour
 - Level 3.6 Shields


You had 6 spell levels left.
You didn't know any spells.
Your spell library contained the following spells:

 Spells                   Type           Power      Damage    Failure   Level
 Blink                    Tloc           0%         N/A       100%        2
 Lesser Beckoning         Tloc           0%         N/A       100%        2
 Momentum Strike          Conj/Tloc      0%         3d8       100%        2


Dungeon Overview and Level Annotations

Branches:
Dungeon (4/15)              Sewer (visited)
 Temple: D:4-7

Altars:


Innate Abilities, Weirdness & Mutations

You have a pair of horns on your head.
You reflexively headbutt those who attack you in melee.


Message History

The dart slug is moderately wounded.
The dart slug launches a dart at you.
The slug dart hits you but does no damage.
You reach to attack!
You puncture the dart slug!
You kill the dart slug!
No target in view!
No target in view!
No target in view!
No target in view!
No target in view!
You see here a dart slug corpse.
e - 3 scrolls labelled OSTRUO JIKK (gained 1)
A two-headed ogre comes into view.
It is wielding a +0 giant club and a +0 giant spiked club.
The two-headed ogre shouts in stereo!
Throw: dart (curare)
Press: ? - help, Shift-Dir - straight line, f - two-headed ogre
Aim: a two-headed ogre, wielding a +0 giant club and a +0 giant spiked club (72% to hit)
You throw a curare-tipped dart.
The curare-tipped dart hits the two-headed ogre.
The two-headed ogre is poisoned.
The two-headed ogre convulses.
The two-headed ogre seems to slow down.
The two-headed ogre is lightly wounded.
You hit the two-headed ogre.
The two-headed ogre is moderately wounded.
The two-headed ogre hits you with a +0 giant club!!
The two-headed ogre hits you with a +0 giant spiked club!!
You are too injured to fight recklessly!
You are too injured to fight recklessly!
Okay, then.
Okay, then.
You barely miss the two-headed ogre.
The two-headed ogre is moderately wounded.
You hit the two-headed ogre.
You headbutt the two-headed ogre, but do no damage.
The two-headed ogre is moderately wounded.
You barely miss the two-headed ogre. You headbutt the two-headed ogre!
The two-headed ogre is severely wounded.
The two-headed ogre hits you but does no damage.
The two-headed ogre hits you with a +0 giant spiked club!!
You die...

..########.# ...... .#.#
########.#.#
######.#.#.#
#......#.#.#
#†####.#.#.#
#.#....#.#.#
#.#.#..#.#.#######
#.#.##..........@#
#.#..............O.(....
#.####.#.#.).....####.##
#.# #.#.############ ..#
#.......<....... ###
#.#.............
#.#...########## #.###.#
..#


You could see a two-headed ogre (very poisoned, slow).

Vanquished Creatures
  An ogre (D:4)
  The ghost of Drangen the Shooter, an amateur SpHu (D:3)
  A kobold brigand (Sewer)
  2 quasits (Sewer)
  2 iguanas
  2 orc wizards (D:3)
  5 adders
  3 shadow imps (Sewer)
  2 ufetubi (Sewer)
  A worm (D:2)
  2 dart slugs
  4 orcs (D:3)
  8 bats
  A bat zombie (Sewer)
  4 endoplasms
  5 giant cockroaches
  3 hobgoblins
  4 quokkas
  6 ball pythons
  7 frilled lizards
  A giant cockroach zombie (Sewer)
  4 goblins
  18 kobolds
  6 rats
93 creatures vanquished.

Vanquished Creatures (others)
  A kobold zombie (Sewer)
1 creature vanquished.

Grand Total: 94 creatures vanquished

Notes
Turn   | Place    | Note
-------+----------+-------------------------------------------
     0 | D:1      | Bnni the Minotaur Fighter began the quest for the Orb.
     0 | D:1      | Reached XP level 1. HP: 19/19 MP: 0/0
   201 | D:1      | Reached skill level 3 in Polearms
   275 | D:1      | Reached XP level 2. HP: 27/27 MP: 1/1
   980 | D:2      | Found a faded altar of an unknown god.
  1231 | D:3      | Reached XP level 3. HP: 32/33 MP: 2/2
  1249 | D:3      | Found a large runed translucent door.
  1249 | D:3      | Found a large runed translucent door.
  1267 | D:3      | Reached skill level 4 in Polearms
  1272 | D:3      | Noticed Drangen's ghost (amateur SpHu)
  1292 | D:3      | Killed Drangen's ghost
  1293 | D:3      | Reached skill level 5 in Polearms
  1293 | D:3      | Reached XP level 4. HP: 37/41 MP: 3/3
  1429 | D:3      | Reached XP level 5. HP: 44/47 MP: 4/4
  1436 | D:3      | Reached skill level 5 in Fighting
  1566 | D:3      | Reached skill level 6 in Polearms
  1631 | D:3      | Found a glowing drain.
  1641 | Sewer    | Entered a sewer
  1764 | Sewer    | Found a burning altar of Makhleb.
  1776 | Sewer    | Reached XP level 6. HP: 55/56 MP: 5/5
  1885 | Sewer    | Reached skill level 7 in Polearms
  2502 | D:4      | Reached XP level 7. HP: 63/63 MP: 6/6
  2556 | D:4      | Noticed a two-headed ogre
  2563 | D:4      | Slain by a two-headed ogre

Illustrated notes

Levels and vault maps discovered:
D:1:      saegor_arrival_under_anarchy, layout_basic, minmay_misc_feat_encased,
          kennysheep_decorative_pillar
D:2:      layout_basic, nicolae_ecumenical_oubliette
D:3:      minmay_general_purpose_star, layout_basic, portal_sewer_entry_a,
          ebering_ghost_disaster_area, minmay_cupped
D:4:      layout_basic, minmay_temple_entry_mist, chequers_serial_rivers_room_b

Skill      XL: |  1  2  3  4  5  6 |
---------------+-------------------+-----
Polearms       | 3 5 6 7 |  7.7
Fighting       | 4 5 6 |  6.2
Armour         | |  3.6
Shields        | |  3.6

Action                     |  1- 3 |  4- 6 |  7- 9 || total
---------------------------+-------+-------+-------++-------
  Melee: Trident           |    74 |   176 |     6 ||   256
         Headbutt          |     8 |    21 |     2 ||    31
         Short sword       |       |    20 |       ||    20
  Throw: Dart              |       |       |     1 ||     1
 Armour: Scale mail        |    29 |       |       ||    29
         Plate armour      |    14 |   143 |     5 ||   162
  Dodge: Dodged            |    28 |    54 |       ||    82
  Block: Buckler           |     8 |    40 |     1 ||    49

Table legend: (Time is in decaauts)
 A = Elapsed time spent in this place.
 B = Non-inter-level travel time spent in this place.
 C = Inter-level travel time spent in this place.
 D = Time resting spent in this place.
 E = Time spent auto-exploring this place.
 F = Levels seen in this place.
 G = Mean time per level.
                   A        B        C        D        E       F      G
               +--------+--------+--------+--------+--------+-----+--------+
         Total |   2589 |   2512 |     77 |      7 |   1851 |   5 |  517.8 |
       Dungeon |   2269 |   2192 |     77 |      7 |   1707 |   4 |  567.2 |
         Sewer |    320 |    320 |      0 |      0 |    144 |   1 |  320.0 |
               +--------+--------+--------+--------+--------+-----+--------+

Top non-repeatable levels by time:
     D:3: 881 daAuts
     D:1: 651 daAuts
     D:2: 577 daAuts
   Sewer: 320 daAuts
     D:4: 159 daAuts
